 Dungeon Crawl Stone Soup version 0.23-a0-703-gdf2d5e0 (console) character file.

90 bli the Skirmisher (level 4, -1/38 HPs)
             Began as a Formicid Abyssal Knight on Jan 12, 2019.
             Was a Follower of Lugonu.
             Slain by a gnoll
             ... wielding a +0 whip
              (5 damage)
             ... on level 2 of the Dungeon on Jan 13, 2019.
             The game lasted 00:04:48 (1371 turns).

bli the Skirmisher (Formicid Abyssal Knight)        Turns: 1371, Time: 00:04:49

Health: -1/38      AC:  3    Str: 19    XL:     4   Next: 85%
Magic:  5/5        EV: 11    Int: 11    God:    Lugonu [*.....]
Gold:   59         SH:  0    Dex: 11    Spells: 3/3 levels left

rFire    . . .     SeeInvis +   a - +1 hand axe
rCold    . . .     Gourm    .   (no shield)
rNeg     . . .     Faith    .   b - +0 leather armour
rPois    .         Spirit   .   (helmet unavailable)
rElec    .         Reflect  .   (no cloak)
rCorr    .         Harm     .   (no gloves)
MR       .....                  (no boots)
Stlth    +.........             (no amulet)
HPRegen  0.12/turn              m - +2 ring of strength
MPRegen  0.09/turn              (no ring)

@: no status effects
A: permanent stasis, dig shafts and tunnels, four strong arms, antennae 3
a: Dig, Shaft Self, Depart the Abyss, Renounce Religion


You were on level 2 of the Dungeon.
You worshipped Lugonu.
Lugonu was aware of your devotion.
You were hungry.

You visited 1 branch of the dungeon, and saw 2 of its levels.
You visited the Abyss 1 time.

You collected 59 gold pieces.

Inventory:

Hand Weapons
 a - a +1 hand axe (weapon)
 j - a +0 dagger of protection
Missiles
 n - 38 stones (quivered)
Armour
 b - a +0 leather armour (worn)
Jewellery
 m - a +2 ring of strength (left hand)
Scrolls
 g - 2 scrolls of remove curse {unknown}
 i - a scroll of magic mapping {unknown}
 k - a scroll of teleportation {unknown}
 l - a scroll of identify {unknown}
Potions
 d - 2 potions of heal wounds {unknown}
 e - 2 potions of berserk rage {unknown}
 f - a potion of curing {unknown}
 o - a potion of might {unknown}
 p - a potion of mutation {unknown}
Comestibles
 c - 4 rations
 h - 11 chunks of flesh


   Skills:
 + Level 4.6 Fighting
 * Level 3.5 Axes
 - Level 2.1 Armour
 - Level 0.8 Dodging
 - Level 2.1 Invocations


You had 3 spell levels left.
You didn't know any spells.
Your spell library was empty.

Dungeon Overview and Level Annotations

Branches:
Dungeon (2/15)

Altars:
Nemelex Xobeh
Sif Muna


Innate Abilities, Weirdness & Mutations

You cannot be hasted, slowed, berserked, paralysed or teleported.
You can dig through walls and to a lower floor.
Your four strong arms can wield two-handed weapons with a shield.
You have a pair of large antennae on your head. (SInv)


Message History

A gnoll comes into view.
It is wielding a +0 halberd of protection.
The gnoll moves out of view.
A gnoll comes into view. It is wielding a +0 club.
The frilled lizard hisses angrily.
The gnoll shouts!
You hear a shout!
A worm comes into view.
The gnoll shouts!
You hear an angry hiss.
The gnoll throws a throwing net.
The throwing net hits you.
You become entangled in the net!
You see here a throwing net.
You struggle against the net.
You struggle against the net.
You struggle against the net.
The gnoll hits you with a +0 whip!
The gnoll hits you from afar with a +0 halberd of protection.
You shred the net and break free! The gnoll completely misses you.
The gnoll hits you from afar with a +0 halberd of protection!
* * * LOW HITPOINT WARNING * * *
You are feeling hungry.
You closely miss the gnoll. The gnoll hits you with a +0 whip.
* * * LOW HITPOINT WARNING * * *
The gnoll hits you with a +0 whip.
You die...

##### ....########
#.#........##
#...#####.#.###############.
###......###....@gg.........
##.######.#.)....g#l#.#####.
#.## ##.#.####.#{#.# .##
#.#.# #.#{#># .# #.#.#
#.#.#.gg ## #.#.# #.#w..w
#.#.# #.#..... #.#.#
#....... #.#.# ###... {
#.#.# ### ####.#.#


You could see 3 gnolls and a frilled lizard.

Vanquished Creatures
  A hound (D:2)
  2 gnolls (D:1)
  A dart slug (D:1)
  2 leopard geckos (D:1)
  3 bats (D:1)
  5 goblins
  3 hobgoblins (D:1)
  3 jackals (D:2)
  3 kobolds
  A quokka (D:2)
  3 ball pythons
  2 frilled lizards
  8 rats
37 creatures vanquished.

Notes
Turn   | Place    | Note
-------+----------+-------------------------------------------
     0 | Abyss:1  | bli the Formicid Abyssal Knight began the quest for the
                  | Orb.
     0 | Abyss:1  | Reached XP level 1. HP: 18/18 MP: 2/2
   103 | Abyss:1  | Noticed an ancient zyme
   106 | D:1      | Escaped the Abyss
   145 | D:1      | Reached XP level 2. HP: 6/25 MP: 3/3
   436 | D:1      | Reached skill level 4 in Fighting
   436 | D:1      | Reached XP level 3. HP: 24/30 MP: 4/4
   464 | D:1      | Reached * piety under Lugonu
   899 | D:1      | Upgraded the game from 0.23-a0-701-gd76f34b to
                  | 0.23-a0-703-gdf2d5e0
  1115 | D:2      | Found a sparkling altar of Nemelex Xobeh.
  1158 | D:2      | Reached XP level 4. HP: 38/38 MP: 5/5
  1178 | D:2      | Found a deep blue altar of Sif Muna.
  1371 | D:2      | Slain by a gnoll

Vault maps used:
D:1:      evilmike_arrival_rings
D:2:      nemelex_xobeh_ov_fountains_minmay, nicolae_overflow_hidden_temple,
          overflow_temple_1_default, uniq_terence
Abyss:1:  minivault_28

Skill      XL: |  1  2  3  4 |
---------------+-------------+-----
Fighting       | 4 |  4.6
Axes           | 3 |  3.5
Armour         | |  2.1
Dodging        | |  0.8
Invocations    | |  2.1

Action                   |  1- 3 |  4- 6 || total
-------------------------+-------+-------++-------
Melee: Hand axe          |    59 |    26 ||    85
Invok: Depart the Abyss  |     1 |       ||     1
  Eat: Chunk             |     1 |       ||     1
Armor: Leather armour    |     5 |     7 ||    12
Dodge: Dodged            |    33 |    20 ||    53

Table legend:
 A = Non-vault XP
 B = Vault XP
 C = Vault XP percentage of total XP
 D = Non-vault monster count
 E = Vault monster count
 F = Vault count percentage of total count
                 A         B        C        D         E       F
            +---------+---------+-------+---------+---------+-------
      Total |     129 |       0 |   0.0 |      37 |       0 |   0.0
            +---------+---------+-------+---------+---------+-------
        D:1 |      67 |       0 |   0.0 |      24 |       0 |   0.0
        D:2 |      62 |       0 |   0.0 |      13 |       0 |   0.0
            +---------+---------+-------+---------+---------+-------
